 Dungeon Crawl Stone Soup version 0.15-a0-1363-g87d8b17 (webtiles) character file.

245 Amnesiac the Ruffian (level 5, -7/50 HPs)
             Began as a Troll Chaos Knight on June 9, 2014.
             Was a Plaything of Xom.
             Killed by divine providence
             ... invoked by an orc priest
              (12 damage)
             ... on Level 4 of the Dungeon.
             The game lasted 00:04:27 (2421 turns).

Amnesiac the Ruffian (Troll Chaos Knight)           Turns: 2421, Time: 00:04:41

HP  -7/50        AC  7     Str 20      XL: 5   Next: 84%
MP   2/2         EV 10     Int  8      God: Xom
Gold 178         SH  0     Dex 10      Spells:  0 memorised,  4 levels left

rFire  . . .     SeeInvis +       - Unarmed
rCold  . . .     Clarity  .     b - +2 robe
rNeg   . . .     rCorr    .     (shield restricted)
rPois  .         rRot     .     (helmet restricted)
rElec  .         Spirit   .     (no cloak)
SustAb .         Warding  .     (gloves unavailable)
rMut   .         Stasis   .     (boots unavailable)
Gourm  +                        (no amulet)
MR     .....                    j - ring of flight
                                o - ring of see invisible

@: not resistant to hostile enchantments, very unstealthy
A: unfitting armour, claws 3, fast metabolism 3, gourmand, regeneration 2,
saprovore 2, shaggy fur 1, tough skin 2
a: Renounce Religion, Evoke Flight


You were on level 4 of the Dungeon.
You worshipped Xom.
You were a favourite toy of Xom.
You were very full.

You visited 1 branch of the dungeon, and saw 4 of its levels.

You collected 178 gold pieces.

Inventory:

Hand weapons
 y - the +5,+6 sling of Purpose {flame, rN+ Dex-2}
   (Xom gifted it to you on level 4 of the Dungeon)

   It turns projectiles fired from it into bolts of flame.
   It affects your dexterity (-2).
   It protects you from negative energy.
Missiles
 r - 34 poisoned needles
Armour
 b - a +2 robe (worn)
Comestibles
 a - 2 meat rations
 i - 3 fruits
 l - 4 rotting chunks of orc flesh
 t - 3 bread rations
 v - 2 chunks of quokka flesh
 z - a rotting chunk of giant cockroach flesh
 A - a rotting chunk of ball python flesh
 B - 3 chunks of orc flesh
 C - a chunk of goblin flesh
Scrolls
 f - 5 scrolls of identify {unknown}
 h - a scroll of enchant weapon II {unknown}
 n - a scroll of recharging {unknown}
 p - a scroll of enchant weapon I {unknown}
 q - a scroll of random uselessness {unknown}
 s - a scroll of enchant armour {unknown}
 u - a scroll of remove curse {unknown}
 x - a scroll of magic mapping {unknown}
Jewellery
 j - a ring of flight (right claw)
 o - a ring of see invisible (left claw)
Potions
 c - a potion of heal wounds {unknown}
 d - 2 potions of curing
 e - a potion of resistance {unknown}
 g - a potion of restore abilities {unknown}
 k - 2 potions of confusion {unknown}
 w - a potion of poison {unknown}
Books
 m - a book of Flames

   Spells                             Type                      Level
   Flame Tongue                       Conjuration/Fire             1
   Throw Flame                        Conjuration/Fire             2
   Conjure Flame                      Conjuration/Fire             3
   Inner Flame                        Hexes/Fire                   3
   Sticky Flame                       Conjuration/Fire             4
   Fireball                           Conjuration/Fire             5


   Skills:
 - Level 2.4 Fighting
 - Level 1.9 Dodging
 + Level 6.6 Unarmed Combat


You had 4 spell levels left.
You didn't know any spells.

Dungeon Overview and Level Annotations

Branches:
Dungeon (4/15)
 Temple: D:4-7

Altars:


Innate Abilities, Weirdness & Mutations

You are too large for most types of armour.
You have claws for hands.
Your metabolism is lightning-fast.
You like to eat raw meat.
You heal very quickly.
You can eat rotten meat.
You are covered in fur (AC +1).
You have very tough skin (AC +2).


Message History

The orc priest calls down the wrath of Beogh upon you.
Something smites you!
* * * LOW HITPOINT WARNING * * *
Something misses your crimson imp.
Something closely misses your crimson imp.
Something barely misses your crimson imp.
The bat closely misses your ufetubus.
Your crimson imp completely misses the bat.
The orc shouts!
The bat hits your ufetubus but does no damage.
The bat closely misses your crimson imp.
Your ufetubus hits the bat.
Your ufetubus barely misses the bat.
Your crimson imp barely misses the hobgoblin.
The bat closely misses your ufetubus.
The bat closely misses your crimson imp.
Your ufetubus barely misses the bat. x2
The bat barely misses your crimson imp.
The orc priest mumbles some strange prayers to Beogh against you.
Something smites you!
You die...

#.####.###.>.## #
#....#.# #.##
###.####....#.# #
.............#.###
##.##.##............
........oo.....o#..
##.####ag........
#.###...###
#g###.@.######
#5b5.........#
######.#####.# #.#
#.# ..# ###


You could see an orc priest, 2 orcs, a bat, a friendly crimson imp and a
friendly ufetubus.

Vanquished Creatures
  4 orc wizards (D:4)
  An iguana (D:3)
  5 adders
  A giant mite (D:3)
  A worm (D:2)
  An ooze (D:1)
  5 orcs
  3 ball pythons
  5 hobgoblins
  4 kobolds
  5 quokkas
  7 bats
  3 giant cockroaches
  3 giant newts
  5 goblins
  7 rats
60 creatures vanquished.

Vanquished Creatures (collateral kills)
  An orc priest (D:3)
1 creature vanquished.

Grand Total: 61 creatures vanquished

Notes
Turn   | Place    | Note
--------------------------------------------------------------
     0 | D:1      | Amnesiac, the Troll Chaos Knight, began the quest for the Orb.
     0 | D:1      | Reached XP level 1. HP: 22/22 MP: 1/1
   179 | D:1      | XOM: divination: magic mapping
   213 | D:1      | Reached XP level 2. HP: 27/29 MP: 1/1
   288 | D:1      | XOM: divination: detect items
   667 | D:1      | Reached skill level 4 in Unarmed Combat
   971 | D:2      | Reached XP level 3. HP: 36/36 MP: 2/2
  1152 | D:2      | XOM is BORED!
  1152 | D:2      | XOM: noise
  1176 | D:2      | XOM: cast spell 'Statue Form'
  1498 | D:3      | XOM: harmless Ice miscast
  1571 | D:3      | Reached XP level 4. HP: 42/44 MP: 2/2
  1578 | D:3      | Reached skill level 5 in Unarmed Combat
  1671 | D:3      | XOM is BORED!
  1671 | D:3      | XOM: mild Tloc miscast
  1672 | D:3      | XOM: divination: magic mapping
  1995 | D:3      | XOM: divination: magic mapping
  2112 | D:3      | XOM: summons 4 friendly demons
  2115 | D:3      | Reached XP level 5. HP: 50/50 MP: 2/2
  2137 | D:3      | XOM: cast spell 'Ice Form'
  2150 | D:3      | XOM: summons 2 hostile shadow creatures
  2345 | D:4      | Reached skill level 6 in Unarmed Combat
  2355 | D:4      | XOM: confuse monster(s)
  2368 | D:4      | XOM: god gift: bloodstained sling {god gift}
  2369 | D:4      | Got a bloodstained sling {god gift}
  2370 | D:4      | Identified the +5,+6 sling of Purpose {flame, rN+ Dex-2} (Xom gifted it to you on level 4 of the Dungeon)
  2410 | D:4      | XOM: 4-stop teleportation journey
  2417 | D:4      | XOM: summons 2 friendly demons
  2421 | D:4      | Killed from afar by an orc priest

Action                   |  1- 3 |  4- 6 || total
-------------------------+-------+-------++-------
Melee: Unarmed           |   109 |    67 ||   176
  Use: Potion            |       |     1 ||     1
 Stab: Sleeping          |       |     1 ||     1
